 Dungeon Crawl Stone Soup version 0.28.0-1-gb440e238dd (webtiles) character file.

Game seed: 7851378690112678031

5 fknight the Chopper (level 1, -2/20 HPs)
             Began as a Hill Orc Monk on Feb 21, 2022.
             Slain by a gnoll (6 damage)
             ... on level 1 of the Dungeon.
             The game lasted 00:00:44 (847 turns).

fknight the Chopper (Hill Orc Monk)                  Turns: 847, Time: 00:00:45

Health: -2/20      AC:  2    Str: 13    XL:     1   Next: 80%
Magic:  1/1        EV: 12    Int: 10    God:
Gold:   20         SH:  0    Dex: 13    Spells: 0/0 levels left

rFire   . . .      SeeInvis .   a - +0 hand axe
rCold   . . .      Faith    .   (no shield)
rNeg    . . .      Spirit   .   b - +0 robe
rPois   .          Reflect  .   (no helmet)
rElec   .          Harm     .   (no cloak)
rCorr   .          Rampage  .   (no gloves)
Will    .....                   (no boots)
Stlth   ++........              (no amulet)
HPRegen 0.06/turn               (no ring)
MPRegen 0.07/turn               (no ring)

@: no status effects
A: no striking features
a: no special abilities


You were on level 1 of the Dungeon.
You visited 1 branch of the dungeon, and saw 1 of its levels.

You collected 20 gold pieces.

Inventory:

Hand Weapons
 a - a +0 hand axe (weapon)
 f - a +0 hunting sling
Missiles
 d - 11 arrows
Armour
 b - a +0 robe (worn)
Potions
 c - a potion of curing {unknown}
 e - a potion of resistance {unknown}


   Skills:
 + Level 3.7 Fighting
 + Level 4.3 Axes
 + Level 2.4 Dodging
 + Level 1.5 Stealth


You couldn't memorise any spells.
You didn't know any spells.
Your spell library contained the following spells:

 Spells                   Type           Power      Damage    Failure   Level
 Sublimation of Blood     Necr           0%         N/A       50%         2
 Wereblood                Tmut           0%         N/A       50%         2
 Summon Hydra             Summ           0%         N/A       100%        7


Dungeon Overview and Level Annotations

Branches:
Dungeon (1/15)

Altars:


Message History

You slash the ball python!
You kill the ball python!
e - an amethyst potion You see here a +0 hunting sling.
f - a +0 hunting sling You now have 20 gold pieces (gained 8).
Found 30 stones.
A gnoll comes into view. It is wielding a +0 flail.
A quokka comes into view.
The gnoll shouts!
The quokka bites the plant.
The plant begins to die.
The gnoll barely misses you.
You hit the gnoll but do no damage. You hit the plant.
The plant begins to die.
You hit the plant. x2; The plant begins to die.
The quokka bites the plant.
The gnoll hits you with a +0 flail!
You hit the gnoll.
The gnoll is moderately wounded.
You hit the plant. x3; The quokka bites the plant.
The gnoll closely misses you.
You closely miss the gnoll.
The gnoll is moderately wounded.
You hit the plant. You hit the plant but do no damage. You hit the plant.
The quokka bites the plant.
The gnoll barely misses you.
The quokka bites the plant.
You hit the gnoll.
The gnoll is heavily wounded.
You hit the plant. x3; A nearby plant withers and dies.
The gnoll hits you with a +0 flail.
You hit the gnoll.
The gnoll is severely wounded.
You hit the plant. You hit the quokka. You hit the plant.
A nearby plant withers and dies. x2; The gnoll closely misses you.
The quokka bites you.
* * * LOW HITPOINT WARNING * * *
The gnoll barely misses you.
You hit the gnoll.
The gnoll is almost dead.
You hit the quokka but do no damage. The quokka bites you.
* * * LOW HITPOINT WARNING * * *
The gnoll hits you with a +0 flail.
You die...

#####.### #.##
#..# #..# #
##.## #.#
........ #
#...# #.##
...##..#
####...###
##.###..#.....#
##.......#
#####...#...
.........#
#............
##.......#
#.#######...#
###...###
###........#.##
#...#
#...@g..##.
#####
#.(P.r....#
.....PP...P..#
###..P.....P.#
##.P..P..P.#
#.P....PP.#
#.P....PP...
#..PPP.....#


You could see a gnoll and a quokka.

Vanquished Creatures
  2 endoplasms (D:1)
  A giant cockroach (D:1)
  A ball python (D:1)
  A kobold (D:1)
5 creatures vanquished.

Vanquished Creatures (others)
  3 plants (D:1)
3 creatures vanquished.

Grand Total: 8 creatures vanquished

Notes
Turn   | Place    | Note
-------+----------+-------------------------------------------
     0 | D:1      | fknight the Hill Orc Monk began the quest for the Orb.
     0 | D:1      | Reached XP level 1. HP: 19/19 MP: 1/1
   847 | D:1      | Slain by a gnoll

Illustrated notes

Levels and vault maps discovered:
D:1:      amcnicky_arrival_underground_garden, layout_loops_ring,
          nicolae_grassy_gnolls

Action                   || total
-------------------------++-------
Melee: Hand axe          ||    33
Armor: Robe              ||     5
Dodge: Dodged            ||    24
